 Dungeon Crawl Stone Soup version 0.15.1 (webtiles) character file.

816 LordSUSHI the Cudgeler (level 7, 0/55 HPs)
             Began as a Demonspawn Berserker on Sept 18, 2014.
             Was a Priest of Trog.
             Killed from afar by an orc wizard (13 damage)
             ... with a puff of flame
             ... on Level 6 of the Dungeon.
             The game lasted 00:51:50 (5527 turns).

LordSUSHI the Cudgeler (Demonspawn Berserker)       Turns: 5527, Time: 00:51:51

HP   0/55        AC  6     Str 20      XL: 7   Next: 62%
MP   7/7         EV 12     Int 13      God: Trog [***...]
Gold 326         SH  0     Dex 12      Spells:  0 memorised,  6 levels left

rFire  x . .     SeeInvis .     a - +0 mace
rCold  + . .     Clarity  +     b - +0 animal skin
rNeg   . . .     rCorr    .     (no shield)
rPois  .         rRot     .     (helmet restricted)
rElec  .         Spirit   .     (no cloak)
SustAb .         Warding  .     (no gloves)
rMut   .         Stasis   .     I - +1 pair of boots
Gourm  .                        h - amulet of clarity
MR     ++...                    C - +5 ring of intelligence
                                y - ring of ice

@: regenerating, very resistant to hostile enchantments, very unstealthy
A: horns 2, thin metallic scales 1, spiny 1
a: Burn Spellbooks, Berserk, Trog's Hand, Renounce Religion


You were on level 6 of the Dungeon.
You worshipped Trog.
Trog was most pleased with you.
You were hungry.

You visited 1 branch of the dungeon, and saw 6 of its levels.

You collected 381 gold pieces.
You spent 55 gold pieces at shops.

Inventory:

Hand weapons
 a - a +0 mace (weapon)
Missiles
 g - 115 stones
 o - 3 tomahawks (quivered)
 q - 5 poisoned tomahawks
Armour
 b - a +0 animal skin (worn)
 I - a +1 pair of boots (worn)
Magical devices
 J - a wand of frost (10) {unknown}
Comestibles
 j - 4 meat rations
 r - 4 beef jerkies
 z - a slice of pizza
 D - 3 bread rations
Scrolls
 e - a scroll of fog {unknown}
 i - 3 scrolls of amnesia {unknown}
 l - a scroll of blinking {unknown}
 p - 3 scrolls of identify {unknown}
 s - 3 scrolls of enchant weapon {unknown}
 t - 2 scrolls of recharging {unknown}
 v - a scroll of magic mapping {unknown}
 x - a scroll of enchant armour {unknown}
 A - 3 scrolls of teleportation {unknown}
 F - a scroll of remove curse {unknown}
 L - a scroll of random uselessness {unknown}
Jewellery
 c - an uncursed amulet of guardian spirit {unknown}
 h - an amulet of clarity (around neck)
 y - a ring of ice (left hand)
 C - a +5 ring of intelligence (right hand)
 H - a cursed amulet of inaccuracy {unknown}
Potions
 d - 2 potions of heal wounds
 f - a potion of invisibility
 k - a potion of might
 m - a potion of lignification {unknown}
 n - a potion of haste {unknown}
 u - a potion of restore abilities {unknown}
 w - 3 potions of curing {unknown}
 B - a potion of porridge
 E - a potion of resistance {unknown}
 G - a potion of brilliance {unknown}
 K - a potion of mutation {unknown}


   Skills:
 + Level 4.8 Fighting
 * Level 6.0 Maces & Flails
 + Level 4.2 Throwing
 - Level 1.7 Armour
 - Level 1.7 Dodging


You had 6 spell levels left.
You didn't know any spells.

Dungeon Overview and Level Annotations

Branches:
Dungeon (6/15)             Temple (0/1) D:5

Altars:
Nemelex Xobeh
Okawaru
Qazlal

Shops:
D:5 *


Innate Abilities, Weirdness & Mutations

You have a pair of horns on your head.
You are partially covered in thin metallic scales (AC +2).
You are partially covered in sharp spines.


Message History

You feel much better.
The orc warrior hits you with a scimitar!
Something hits you but does no damage.
The orc priest calls down the wrath of Beogh upon you.
Something smites you!
The orc priest mumbles some strange prayers to Beogh against you.
Something hits you but does no damage.
The orc priest invokes the aid of Beogh against you.
Something smites you!
* * * LOW HITPOINT WARNING * * *
Something barely misses you.
Use which ability? (? or * to list)
Okay, then.
Use which ability? (? or * to list)
Your skin crawls.
You feel resistant to hostile enchantments.
You feel slightly more hungry.
You feel troubled. The orc warrior completely misses you.
The puff of flame hits you! The fire burns you terribly!
You die...

.....#..(........ ..
#...$.....#.. #####.
#.#%(##.#.... #....#
##o..)....... #....##
#...(.......# #.....#
#..#........#
#....####............
##....#.##.o####......
#...>@.o....# ##......
#######..####...### #...#...
#...##...# ####.# ##.#.....
##<.......#####..####.#......
#..###.......................
#.## ##...####......###..%...
#..## #..## #######.###[....
##..###.## ## ##.... ##.....#
#### #...##


You could see an orc warrior and an orc priest.

Vanquished Creatures
  An ice beast (D:5)
  2 ogres (D:5)
  A giant frog (D:5)
  A scorpion (D:4)
  3 crimson imps
  2 hounds
  A worker ant (D:4)
  An iguana (D:4)
  Ijyb (D:2)
  3 gnolls (D:4)
  8 adders
  A giant mite (D:6)
  3 worms
  An orc skeleton (D:4)
  3 giant geckos
  An ooze (D:1)
  6 orcs
  10 bats
  A bat skeleton (D:4)
  8 giant cockroaches
  11 goblins
  12 hobgoblins
  6 jackals
  4 quokkas
  5 giant newts
  A giant spore (D:6)
  10 kobolds
  A kobold skeleton (D:5)
  A kobold zombie (D:5)
  8 rats
  A ballistomycete (D:6)
118 creatures vanquished.

Notes
Turn   | Place    | Note
--------------------------------------------------------------
     0 | D:1      | LordSUSHI, the Demonspawn Berserker, began the quest for the Orb.
     0 | D:1      | Reached XP level 1. HP: 18/18 MP: 1/1
   424 | D:1      | Gained mutation: You are partially covered in thin metallic scales (AC +2). [demonic ancestry]
   424 | D:1      | Reached XP level 2. HP: 24/24 MP: 2/2
   794 | D:1      | Gained mutation: You have a pair of small horns on your head. [demonic ancestry]
   794 | D:1      | Reached XP level 3. HP: 29/29 MP: 3/3
   960 | D:1      | Acquired Trog's second power
  1162 | D:2      | Reached skill level 1 in Throwing
  1454 | D:2      | Reached XP level 4. HP: 29/37 MP: 4/4
  1656 | D:2      | Noticed Ijyb
  1669 | D:2      | Killed Ijyb
  2319 | D:3      | Reached skill level 4 in Fighting
  2346 | D:3      | Found a stormy altar of Qazlal.
  2422 | D:3      | Noticed a water elemental
  2423 | D:3      | Noticed an air elemental
  2423 | D:3      | Noticed a fire elemental
  2506 | D:3      | Found an iron altar of Okawaru.
  2520 | D:3      | Gained mutation: You are partially covered in sharp spines. [demonic ancestry]
  2520 | D:3      | Reached XP level 5. HP: 38/42 MP: 5/5
  3491 | D:4      | Reached XP level 6. HP: 36/48 MP: 6/6
  4230 | D:5      | Entered Level 5 of the Dungeon
  4342 | D:5      | Found a sparkling altar of Nemelex Xobeh.
  4473 | D:5      | Reached skill level 5 in Maces & Flails
  4473 | D:5      | Gained mutation: You have a pair of horns on your head. [demonic ancestry]
  4473 | D:5      | Reached XP level 7. HP: 26/55 MP: 7/7
  4828 | D:5      | Found Noerezxo's General Store.
  4836 | D:5      | Bought a bread ration for 55 gold pieces
  4931 | D:5      | Found a staircase to the Ecumenical Temple.
  5200 | D:6      | Reached skill level 6 in Maces & Flails
  5527 | D:6      | Killed from afar by an orc wizard

Action                   |  1- 3 |  4- 6 |  7- 9 || total
-------------------------+-------+-------+-------++-------
Melee: Mace              |    98 |   179 |    58 ||   335
Throw: Stone             |    69 |    40 |       ||   109
       Tomahawk          |       |    36 |    16 ||    52
Invok: Berserk           |     2 |     4 |       ||     6
       Trog's Hand       |       |       |     1 ||     1
  Use: Potion            |       |       |     3 ||     3
  Eat: Bread ration      |     1 |     1 |       ||     2
       Chunk             |       |     6 |     3 ||     9
       Fruit             |       |     3 |       ||     3
